 Dungeon Crawl Stone Soup version 0.22-a0-79-g605b837 (webtiles) character file.

735 Amnesiac the Ducker (level 7, -2/45 HPs)
             Began as a Tengu Air Elementalist on Jan 17, 2018.
             Slain by a black mamba (shapeshifter) (4 damage)
             ... on level 6 of the Dungeon.
             The game lasted 00:11:43 (5804 turns).

Amnesiac the Ducker (Tengu Air Elementalist)        Turns: 5804, Time: 00:11:44

Health: -2/45      AC:  4    Str:  8    XL:     7   Next: 74%
Magic:  11/11      EV: 16    Int: 17    God:
Gold:   308        SH:  0    Dex: 15    Spells: 4/10 levels left

rFire    . . .     SeeInvis .   s - +4 quarterstaff (chaos)
rCold    . . .     Gourm    .   (shield currently unavailable)
rNeg     . . .     Faith    .   a - +1 robe
rPois    .         Spirit   .   (helmet restricted)
rElec    .         Reflect  .   k - +0 cloak
rCorr    .         Harm     +   (no gloves)
MR       .....                  (boots unavailable)
Stlth    +++.......             f - amulet of harm
HPRegen  0.15/turn              h - ring of stealth
MPRegen  0.12/turn              (no ring)

@: lethally poisoned (-2 -> -17)
A: beak, talons 3, able to fly 1
a: Fly


You were on level 6 of the Dungeon.
You were not hungry.

You visited 1 branch of the dungeon, and saw 6 of its levels.

You collected 308 gold pieces.

Inventory:

Hand Weapons
 s - a +4 quarterstaff of chaos (weapon)
Missiles
 g - 97 stones (quivered)
 v - 3 throwing nets
Armour
 a - a +1 robe (worn)
 k - a +0 cloak (worn)
Jewellery
 f - an amulet of harm (around neck)
 h - a ring of stealth (left hand)
 n - an uncursed ring of fire
Wands
 u - a wand of polymorph (25)
Scrolls
 d - 2 scrolls of remove curse {!r}
 e - a scroll of blinking {!r}
 i - a scroll of amnesia {!r}
 l - a scroll of teleportation {!r}
 m - 3 scrolls of magic mapping {!r}
 o - a scroll of enchant armour {!r}
 y - 2 scrolls of identify {!r, unknown}
Potions
 j - 2 potions of mutation {!q, unknown}
 p - a potion of agility {!q}
 q - 2 potions of brilliance {!q, unknown}
 r - a potion of magic {!q, unknown}
 t - 2 potions of flight {!q, unknown}
Books
 b - a book of Air

   Spells                             Type                      Level
   a - Shock                          Conjuration/Air              1
   b - Swiftness                      Charms/Air                   2
   c - Static Discharge               Conjuration/Air              3
   d - Airstrike                      Air                          4
   e - Lightning Bolt                 Conjuration/Air              5
 x - a book of Misfortune

   Spells                             Type                      Level
   a - Confusing Touch                Hexes                        1
   b - Confuse                        Hexes                        3
   c - Gell's Gravitas                Translocation                3
   d - Petrify                        Transmutation/Earth          4
   e - Metabolic Englaciation         Hexes/Ice                    5
   f - Yara's Violent Unravelling     Hexes/Transmutation          5
Comestibles
 c - 7 rations
 w - 4 chunks of flesh


   Skills:
 + Level 5.9 Fighting
 + Level 6.5 Dodging
 - Level 2.0 Stealth
 - Level 2.0 Spellcasting
 - Level 1.3 Conjurations
 - Level 4.0 Air Magic


You had 4 spell levels left.
You knew the following spells:

 Your Spells              Type           Power        Failure   Level  Hunger
a - Shock                 Conj/Air       ##..         6%          1    #......
d - Lightning Bolt        Conj/Air       ##........   87%         5    ######.


Dungeon Overview and Level Annotations

Branches:
Dungeon (6/15)
 Temple: D:4-7

Altars:
Gozag
Nemelex Xobeh
Ru

Shops:
D:5 (   D:6 :


Innate Abilities, Weirdness & Mutations

You have a beak for a mouth.
You have claws for feet.
You can fly.


Message History

You feel sick.
The orb spider pulsates with a strange energy.
You feel sick.
You feel sick.
The orb spider weaves a glowing orb of energy.
An orb of destruction comes into view.
There is a stone staircase leading up here.
You climb upwards.
You feel sick.
There is a stone staircase leading down here.
You start resting.
Magic restored.
You start resting.
You feel sick. x6
You are no longer poisoned.
You start resting.
HP restored.
You start resting.
Some of the chunks of flesh in your inventory have rotted away.
Eating one of 12 chunks of flesh.
You eat one of the 12 chunks of flesh.
This raw flesh tastes terrible.
HP restored.
Some of the chunks of flesh in your inventory have rotted away.
Things that are here:
a leather armour; a short sword You see here a short sword.
Some of the chunks of flesh in your inventory have rotted away.
There is an escape hatch in the floor here.
You slide downwards.
The hatch slams shut behind you.
Evoke which item? (* to show all) (? for menu, Esc to quit)
Aiming: Polymorph
Press: ? - help, Shift-Dir - straight line, f - orb spider
Aim: an orb spider (chance to defeat MR: 28%)
The orb spider evaporates and reforms as a shapeshifter!
The shapeshifter changes into a human!
You hit the human but do no damage.
You feel earthy.
You peck the human.
The human is lightly wounded.
The human barely misses you. The human completely misses you.
You barely miss the human.
The human is lightly wounded.
The human completely misses you.
You completely miss the human.
The human changes into a shapeshifter!
You barely miss the shapeshifter.
The shapeshifter changes into a black mamba!
You sock the black mamba!
The black mamba is heavily wounded.
The black mamba bites you. The black mamba barely misses you.
You closely miss the black mamba.
The black mamba is heavily wounded.
The black mamba closely misses you.
The black mamba bites you but does no damage.
You closely miss the black mamba.
You peck the black mamba, but do no damage.
The black mamba is heavily wounded.
The black mamba bites you. The black mamba bites you!
* * * LOW HITPOINT WARNING * * *
You are poisoned.
The black mamba poisons you!
You barely miss the black mamba. You claw the black mamba!
The black mamba is severely wounded.
* * * LOW HITPOINT WARNING * * *
You feel sick. The black mamba bites you.
* * * LOW HITPOINT WARNING * * *
The black mamba bites you!
* * * LOW HITPOINT WARNING * * *
The black mamba bites you.
You die...

..##..... #.......#
#....... #......#
#....#..### #..# ##
##....##...# #..## $.#
#......##..###...####..#
#....#†..##..........
##..@S...#.[.........
##......##...........
....$....##...........
#..........<...........#
.......##......##...####
.###..####...)###).##
#..........#)..##
##..........)..#
########<....##


You could see a black mamba shaped shifter.

Vanquished Creatures
  Blork the orc (D:5)
  A bullfrog (D:6)
  A howler monkey (D:5)
  A jelly (D:5)
  2 hounds
  An orc priest (D:3)
  Crazy Yiuf (D:4)
  A bullfrog skeleton (D:5)
  An iguana (D:4)
  An orc wizard (D:4)
  A worker ant (D:4)
  A hound skeleton (D:5)
  4 adders
  11 gnolls
  A shadow imp (D:5)
  An adder zombie (D:5)
  2 worms
  12 dart slugs
  8 leopard geckos
  18 orcs
  5 giant cockroaches
  4 goblins
  11 hobgoblins
  6 jackals
  2 quokkas
  2 ball pythons
  A bat (D:3)
  4 frilled lizards
  6 kobolds
  A leopard gecko skeleton (D:4)
  9 rats
121 creatures vanquished.

Vanquished Creatures (others)
  3 plants (D:6)
3 creatures vanquished.

Grand Total: 124 creatures vanquished

Notes
Turn   | Place    | Note
-------+----------+-------------------------------------------
     0 | D:1      | Amnesiac the Tengu Air Elementalist began the quest for the Orb.
     0 | D:1      | Reached XP level 1. HP: 10/10 MP: 4/4
    44 | D:1      | Reached skill level 1 in Fighting
    89 | D:1      | Reached XP level 2. HP: 16/16 MP: 4/6
   876 | D:2      | Reached XP level 3. HP: 21/21 MP: 2/7
  1296 | D:2      | Reached skill level 3 in Dodging
  1575 | D:2      | Reached XP level 4. HP: 17/27 MP: 0/8
  2222 | D:3      | Gained mutation: You can fly. [Tengu growth]
  2222 | D:3      | Reached XP level 5. HP: 6/32 MP: 0/9
  2514 | D:3      | Found a sparkling altar of Nemelex Xobeh.
  2515 | D:3      | Found a sacrificial altar of Ru.
  2517 | D:3      | Found an opulent altar of Gozag.
  3003 | D:4      | Reached skill level 4 in Dodging
  3215 | D:4      | Found a runed door.
  3691 | D:4      | Reached XP level 6. HP: 33/38 MP: 4/10
  4210 | D:4      | Noticed Crazy Yiuf
  4215 | D:4      | Killed Crazy Yiuf
  4215 | D:4      | Reached skill level 5 in Dodging
  4281 | D:5      | Entered Level 5 of the Dungeon
  4301 | D:5      | Found Amom's Antique Weapon Boutique.
  4677 | D:5      | Reached skill level 5 in Fighting
  4677 | D:5      | Reached XP level 7. HP: 44/44 MP: 5/11
  4912 | D:5      | Noticed Blork the orc
  4918 | D:5      | Killed Blork the orc
  4918 | D:5      | Reached skill level 6 in Dodging
  5277 | D:6      | Found Wyutu's Book Boutique.
  5284 | D:6      | Learned a level 5 spell: Lightning Bolt
  5621 | D:6      | Noticed an orb spider
  5621 | D:6      | a black bear changed into an orb spider
  5793 | D:6      | Noticed a shapeshifter
  5793 | D:6      | an orb spider changed into a shapeshifter
  5794 | D:6      | Noticed a human
  5794 | D:6      | a shapeshifter changed into a human
  5799 | D:6      | Noticed a shapeshifter
  5799 | D:6      | a human changed into a shapeshifter
  5800 | D:6      | Noticed a black mamba
  5800 | D:6      | a shapeshifter changed into a black mamba
  5804 | D:6      | HP: 2/45 [black mamba (shapeshifter) (9)]
  5804 | D:6      | Slain by a black mamba (shapeshifter)

Vault maps used:
D:1:      eino_arrival_water_star
D:2:      minmay_misc_feat_alley
D:3:      minitemple, serial_bayou_lake_a
D:4:      kennysheep_slugbush, uniq_crazy_yiuf_cottage
D:5:      first_ration, serial_shops, nicolae_shop_overgrown_old_shop,
          uniq_blork_the_orc
D:6:      minmay_temple_entry_overgrown, serial_shops, shop, uniq_sigmund

Skill      XL: |  1  2  3  4  5  6  7 |
---------------+----------------------+-----
Fighting       | 1 2 3 4 5 |  5.9
Dodging        | 3 4 5 6 |  6.5
Stealth        | |  2.0
Spellcasting   | |  2.0
Conjurations   | |  1.3
Air Magic      | |  4.0

Action                   |  1- 3 |  4- 6 |  7- 9 || total
-------------------------+-------+-------+-------++-------
Melee: Unarmed           |       |     4 |       ||     4
       Kick              |       |     7 |     8 ||    15
       Quarterstaff      |       |    12 |    59 ||    71
       Peck              |       |     3 |     7 ||    10
 Cast: Shock             |    59 |   163 |    19 ||   241
 Abil: Fly               |       |     2 |       ||     2
Evoke: Wand              |       |       |     1 ||     1
  Use: Potion            |       |     3 |       ||     3
       Scroll            |       |     8 |       ||     8
 Stab: Sleeping          |       |     3 |     1 ||     4
       Distracted        |       |       |     1 ||     1
  Eat: Chunk             |     3 |    13 |     4 ||    20
Armor: Robe              |       |     4 |     8 ||    12
Dodge: Dodged            |    13 |    57 |    63 ||   133

Table legend:
 A = Spawn XP
 B = Non-spawn XP
 C = Spawn XP percentage of total XP
 D = Spawn monster count
 E = Non-spawn monster count
 F = Spawn count percentage of total count
 G = Total turns spent on level
                    A         B        C        D         E        F      G
               +---------+---------+-------+---------+---------+-------+---------
         Total |       0 |    1050 |   0.0 |       0 |     121 |   0.0 |  5804
               +---------+---------+-------+---------+---------+-------+---------
           D:1 |       0 |      32 |   0.0 |       0 |      15 |   0.0 |   872
           D:2 |       0 |      65 |   0.0 |       0 |      19 |   0.0 |   847
           D:3 |       0 |     100 |   0.0 |       0 |      29 |   0.0 |  1360
           D:4 |       0 |     247 |   0.0 |       0 |      21 |   0.0 |  1229
           D:5 |       0 |     429 |   0.0 |       0 |      26 |   0.0 |  1126
           D:6 |       0 |     177 |   0.0 |       0 |      11 |   0.0 |   370
               +---------+---------+-------+---------+---------+-------+---------
